[Event "Team 45 45 League T84"]
[Site "Internet Chess Club"]
[Date "2020.04.12"]
[Round "2"]
[White "fledermaus"]
[Black "LittleButton"]
[Result "1/2-1/2"]
[WhiteElo "1833"]
[BlackElo "1872"]
[Opening "QGD: Cambridge Springs defense, Bogolyubov variation"]
[ECO "D52"]
[Time "10:05:27"]
[TimeControl "2700+45"]

1. Nf3 d5 2. d4 Nf6 3. c4 e6 4. Nc3 c6 5. Bg5 Nbd7 6. e3 Qa5 7. Nd2 Bb4 8. Qc2
O-O 9. Be2 c5 10. O-O cxd4 11. exd4 dxc4 12. Bxf6 Nxf6 13. Nxc4 Qd8 14. a3 Be7
15. Rfd1 Nd5 16. Ne5 Bd7 17. Qe4 Be8 18. Bf3 Bc6 19. Nxc6 bxc6 20. Rac1 Rc8 21.
Na4 Qc7 22. g3 Rfd8 23. Be2 Qa5 24. Qc2 Bg5 25. b4 Qc7 26. Rb1 a5 27. Bd3 g6 28.
Nc5 axb4 29. axb4 Be7 30. h4 Bd6 31. h5 Bxg3 32. hxg6 Bh2+ 33. Kh1 hxg6 34. Bxg6
Qf4 35. Bxf7+ Qxf7 36. Kxh2 Qh5+ 37. Kg1 Qg4+ 38. Kf1 Nf4 39. Ne4 Qh3+ 40. Ke1
Ng2+ 41. Kd2 Rxd4+ 42. Kc1 Qa3+ 43. Rb2 Qa1+ 44. Rb1 Qa3+ {Game drawn by mutual
agreement} 1/2-1/2

[Event "Team 45 45 League T84"]
[Site "Internet Chess Club"]
[Date "2020.04.09"]
[Round "2"]
[White "room-matt"]
[Black "Grenadier"]
[Result "1-0"]
[WhiteElo "1793"]
[BlackElo "1595"]
[Opening "Caro-Kann: Steinitz variation"]
[ECO "B17"]
[Time "14:00:53"]
[TimeControl "2700+45"]

1. e4 c6 2. d4 d5 3. Nc3 dxe4 4. Nxe4 Nd7 5. Nf3 Ngf6 6. Nc3 Nb6 7. Bf4 Bf5 8.
Bd3 Bxd3 9. Qxd3 e6 10. O-O Be7 11. Rfe1 O-O 12. Rad1 Nbd5 13. Be5 Qb6 14. Ng5
g6 15. Nge4 Nd7 16. Na4 Qa5 17. Qb3 Nxe5 18. dxe5 Qb4 19. Qxb4 Bxb4 20. c3 Be7
21. Nac5 b6 22. Nd3 Rfd8 23. f4 a5 24. g3 Ra7 25. Kf1 Rad7 26. Ke2 Kf8 27. g4 c5
28. c4 Nb4 29. Nxb4 axb4 30. Nf6 Rxd1 31. Rxd1 Rxd1 32. Kxd1 Bxf6 33. exf6 Ke8
34. Kd2 Kd7 35. Kd3 Kd6 36. Ke4 Kc6 37. Ke5 Kd7 38. h4 Kc6 39. f5 exf5 40. gxf5
gxf5 41. Kxf5 Kd6 42. Kg5 Ke6 43. h5 h6+ 44. Kxh6 Kxf6 45. Kh7 Kg5 46. h6 f5 47.
Kg7 f4 48. h7 f3 49. h8=Q f2 50. Qf8 {Black resigns} 1-0

[Event "Team 45 45 League T84"]
[Site "Internet Chess Club"]
[Date "2020.04.13"]
[Round "2"]
[White "justice02"]
[Black "MathBandit"]
[Result "1-0"]
[WhiteElo "1616"]
[BlackElo "1662"]
[Opening "Sicilian defense"]
[ECO "B30"]
[Time "21:00:29"]
[TimeControl "2700+45"]

1. e4 c5 2. Nf3 Nc6 3. c3 Nf6 4. d3 d6 5. Be2 g6 6. O-O Bg7 7. h3 O-O 8. a3 a5
9. Re1 Re8 10. Nbd2 b5 11. d4 Qb6 12. Qb3 c4 13. Bxc4 Rb8 14. Bxf7+ Kh8 15. Bxe8
Nxe8 16. Ng5 h6 17. Nf7+ Kh7 18. Nf3 Nc7 19. Nxh6 a4 20. Qg8# {Black checkmated}
1-0

[Event "Team 45 45 League T84"]
[Site "Internet Chess Club"]
[Date "2020.04.08"]
[Round "2"]
[White "Kingofknights"]
[Black "GoIrish"]
[Result "1-0"]
[WhiteElo "1571"]
[BlackElo "1482"]
[Opening "King's Indian: Sämisch, 5...O-O"]
[ECO "E81"]
[Time "20:01:07"]
[TimeControl "2700+45"]

1. d4 Nf6 2. c4 g6 3. Nc3 Bg7 4. e4 d6 5. f3 O-O 6. Bg5 c5 7. d5 e6 8. Qd2 exd5
9. Nxd5 Be6 10. Be2 Nc6 11. Nc3 Nd4 12. Bd3 h6 13. Be3 Nc6 14. a3 Ne5 15. b3
Nxd3+ 16. Qxd3 Ne8 17. Nge2 b5 18. Rb1 bxc4 19. bxc4 a6 20. O-O Qd7 21. Nf4 Nf6
22. Nxe6 Qxe6 23. Rb6 Rfd8 24. Rd1 Ne8 25. Nd5 Qd7 26. Qd2 Qa4 27. Bxh6 Rd7 28.
Bxg7 Kxg7 29. Qc3+ f6 30. Rdb1 Rf7 31. g4 g5 32. Kg2 Kg6 33. Rb7 Rxb7 34. Rxb7
Qd1 35. Ne7+ Kh6 36. Nf5+ Kg6 37. Qe3 Qc2+ 38. Kg3 Qxc4 39. h4 gxh4+ 40. Nxh4#
{Black checkmated} 1-0

[Event "Team 45 45 League T84"]
[Site "Internet Chess Club"]
[Date "2020.04.10"]
[Round "2"]
[White "fishhead"]
[Black "Beetlejuice"]
[Result "0-1"]
[WhiteElo "1804"]
[BlackElo "1723"]
[Opening "Sicilian defense"]
[ECO "B44"]
[Time "13:05:12"]
[TimeControl "2700+45"]

1. e4 c5 2. Nf3 Nc6 3. d4 cxd4 4. Nxd4 e6 5. g3 a6 6. Bg2 Qc7 7. O-O h5 8. h4
Nf6 9. Nc3 Bc5 10. Nxc6 bxc6 11. Bf4 e5 12. Bg5 Ng4 13. Qd2 f6 14. Be3 Nxe3 15.
fxe3 Rb8 16. Na4 Ba7 17. c4 d6 18. Rad1 Be6 19. b3 Ke7 20. Qe2 g6 21. Kh2 Bg4
22. Bf3 Be6 23. c5 dxc5 24. Qxa6 c4 25. bxc4 Bc8 {White resigns} 0-1

[Event "Team 45 45 League T84"]
[Site "Internet Chess Club"]
[Date "2020.04.11"]
[Round "2"]
[White "BrianWood"]
[Black "Goli"]
[Result "0-1"]
[WhiteElo "1611"]
[BlackElo "1749"]
[Opening "English: symmetrical, Benoni formation"]
[ECO "A31"]
[Time "14:01:13"]
[TimeControl "2700+45"]

1. d4 Nf6 2. c4 c5 3. Nf3 cxd4 4. Nxd4 g6 5. Nc3 Bg7 6. g3 Nc6 7. Nxc6 bxc6 8.
Bg2 O-O 9. O-O Bb7 10. Qc2 d6 11. Rd1 Qc7 12. e4 Rfd8 13. e5 dxe5 14. Rd7 {White
resigns} 0-1

[Event "Team 45 45 League T84"]
[Site "Internet Chess Club"]
[Date "2020.04.10"]
[Round "2"]
[White "cityprosecutor"]
[Black "Demachaeron"]
[Result "1/2-1/2"]
[WhiteElo "1660"]
[BlackElo "1738"]
[Opening "Scandinavian defense, Lasker variation"]
[ECO "B01"]
[Time "11:01:16"]
[TimeControl "2700+45"]

1. e4 d5 2. exd5 Qxd5 3. Nc3 Qa5 4. d4 Nf6 5. Nf3 Bg4 6. h3 Bh5 7. g4 Bg6 8. Ne5
e6 9. Bg2 c6 10. O-O Bd6 11. f4 h6 12. Nc4 Qc7 13. Nxd6+ Qxd6 14. f5 Bh7 15. Bf4
Qe7 16. fxe6 fxe6 17. Re1 O-O 18. Qe2 Re8 19. Ne4 Nxe4 20. Bxe4 Bxe4 21. Qxe4
Nd7 22. Re2 Nf6 23. Qe5 Rad8 24. c3 Rd5 25. Qe3 Qd7 26. Rae1 Qf7 27. Bg3 Qg6 28.
Qf2 Nd7 29. c4 Rg5 30. Bh4 Rf5 31. Qg3 Rf7 32. Qa3 a6 33. Re3 Nf8 34. d5 cxd5
35. cxd5 h5 36. Rg3 hxg4 37. Rxg4 Qf5 38. d6 Nd7 39. Qe3 Qd5 40. Be7 e5 41. Rg3
Qxa2 42. b4 Qd5 43. Kh2 Rc8 44. Reg1 Rc2+ 45. R1g2 Rxg2+ 46. Rxg2 Qf3 47. Qxf3
Rxf3 48. Rc2 Kf7 49. Rc7 Ke6 50. Rxb7 Rb3 51. Ra7 Rxb4 52. Rxa6 Rb3 53. h4 g6
54. Ra4 Rc3 55. Rg4 Kf7 56. Rg3 Rc1 57. Rf3+ Kg7 58. Kg2 Rd1 59. Re3 Kf7 60. Kf3
Ke6 61. Ke2 Rh1 62. Rg3 Kf5 63. Rg5+ Ke4 64. Rg4+ Kf5 65. Rg5+ Ke4 {Game drawn
by mutual agreement} 1/2-1/2

[Event "Team 45 45 League T84"]
[Site "Internet Chess Club"]
[Date "2020.04.11"]
[Round "2"]
[White "ghostfire"]
[Black "Egmont"]
[Result "1-0"]
[WhiteElo "1656"]
[BlackElo "1700"]
[Opening "French: advance, Paulsen attack"]
[ECO "C02"]
[Time "10:00:58"]
[TimeControl "2700+45"]

1. e4 e6 2. d4 d5 3. e5 c5 4. c3 Nc6 5. Nf3 cxd4 6. cxd4 Qb6 7. a3 Nge7 8. b4
Nf5 9. Bb2 Be7 10. Be2 O-O 11. O-O Bd7 12. Qd3 a6 13. Nbd2 Rac8 14. Nb3 Na7 15.
Nc5 Bb5 16. Qd2 Rc7 17. Bxb5 Nxb5 18. a4 Na7 19. Bc3 Bxc5 20. bxc5 Qc6 21. Ba5
Rd7 22. Rfb1 Qc8 23. Rb6 Nc6 24. Rab1 Qa8 25. Bc3 Rb8 26. Qd3 Nfe7 27. Ng5 Ng6
28. h4 h6 29. h5 hxg5 30. hxg6 Ne7 31. gxf7+ Kxf7 32. Qh3 Rh8 33. Qxe6+ Ke8 34.
c6 Rc7 35. Rxb7 Rxb7 36. Rxb7 Qd8 37. Ba5 Rh6 38. Qd7+ {Black resigns} 1-0

[Event "Team 45 45 League T84"]
[Site "Internet Chess Club"]
[Date "2020.04.15"]
[Round "2"]
[White "cadmiumorange"]
[Black "QuieroAprender"]
[Result "1-0"]
[WhiteElo "1817"]
[BlackElo "1673"]
[Opening "Ruy Lopez: Worrall attack, sharp line"]
[ECO "C77"]
[Time "12:15:50"]
[TimeControl "2700+45"]

1. e4 e5 2. Nf3 Nc6 3. Bb5 a6 4. Ba4 Nf6 5. Qe2 b5 6. Bb3 Be7 7. O-O O-O 8. c3
h6 9. Re1 d6 10. d3 Na5 11. Bc2 c5 12. Nbd2 Bg4 13. Nf1 Rc8 14. h3 Bh5 15. Ng3
Bg6 16. Nh4 Nd7 17. Nhf5 Nc6 18. Nh5 Re8 19. Nhxg7 Rf8 20. Bxh6 {Black resigns}
1-0

[Event "Team 45 45 League T84"]
[Site "Internet Chess Club"]
[Date "2020.04.11"]
[Round "2"]
[White "julesraider"]
[Black "elmaestro"]
[Result "1-0"]
[WhiteElo "1656"]
[BlackElo "1674"]
[Opening "Dutch: classical variation"]
[ECO "A96"]
[Time "17:01:32"]
[TimeControl "2700+45"]

1. d4 f5 2. g3 Nf6 3. Bg2 e6 4. Nf3 Be7 5. O-O O-O 6. c4 d6 7. Nc3 Nc6 8. b3 Qe8
9. Qc2 a5 10. a3 e5 11. Nb5 Bd8 12. d5 Ne7 13. Bb2 Qh5 14. h3 g5 15. Nh2 g4 16.
hxg4 Nxg4 17. Nxg4 fxg4 18. Nc3 Bf5 19. e4 Bd7 20. Nd1 Rf6 21. Bc1 Ng6 22. Qe2
Be7 23. Ra2 Raf8 24. Be3 Rf3 25. Qd2 R8f4 26. Nc3 Bg5 27. Ne2 Nh4 28. gxh4 Qxh4
29. Ng3 Rxe3 30. Qxe3 Rf3 31. Qe2 Rxg3 32. fxg3 Qxg3 33. Re1 Bf4 34. Kf1 Qxb3
35. Rb2 Qxa3 36. Rxb7 Qc5 37. Rb8+ Kg7 38. Rd8 Ba4 39. Qxg4+ Kh6 40. Qh4+ Kg7
41. Rd7+ Bxd7 42. Qe7+ Kh6 43. Qxd7 Qxc4+ 44. Kg1 Qd4+ 45. Kh1 Qf2 46. Qh3+ Kg7
47. Qg4+ Kh6 48. Rf1 Qd2 49. Qh3+ Kg7 50. Bf3 Be3 51. Bh5 Bf4 52. Rg1+ Bg5 53.
Qf5 Kh6 54. Bf3 Qf4 55. Qe6+ Kg7 56. Qh3 Kf6 57. Rb1 Qh4 58. Qxh4 Bxh4 59. Ra1
Bf2 60. Rxa5 Ke7 61. Kg2 Be3 62. Ra3 Bd4 63. Bg4 Kf6 64. Rh3 Kg7 65. Kf3 h6 66.
Rh5 Bc5 67. Bd7 Bb4 68. Kg4 Bd2 69. Kf5 Be3 70. Rh3 Bd2 71. Be8 Kf8 72. Bc6 Kf7
73. Rh2 Be3 74. Bd7 Ke7 75. Rh3 Bf4 76. Bc6 Kf7 77. Ra3 Ke7 78. Ra7 Kd8 79. Ra8+
Ke7 80. Rc8 Be3 81. Kg6 Bd2 82. Re8# {Black checkmated} 1-0

[Event "Team 45 45 League T84"]
[Site "Internet Chess Club"]
[Date "2020.04.10"]
[Round "2"]
[White "WillC"]
[Black "Portola"]
[Result "0-1"]
[WhiteElo "1540"]
[BlackElo "1672"]
[Opening "Queen's pawn game, Darooha variation "]
[ECO "D02"]
[Time "18:03:36"]
[TimeControl "2700+45"]

1. d4 d5 2. Nf3 Nf6 3. b3 Bf5 4. Bb2 e6 5. g3 h6 6. Bg2 Be7 7. Nbd2 O-O 8. O-O
Nbd7 9. c4 c6 10. Rc1 Qc7 11. Ne5 Rac8 12. Re1 Rfd8 13. cxd5 exd5 14. a3 Bd6 15.
f4 Qb6 16. e3 Qa6 17. Bf1 Qb6 18. Bg2 Nf8 19. Kh1 h5 20. h3 g6 21. Nef3 Re8 22.
Nh4 Bd7 23. e4 dxe4 24. Nxe4 Nxe4 25. Bxe4 Bxh3 26. Kh2 Bg4 27. Qd3 Qd8 28. d5
Bxf4 29. Ng2 Bxc1 30. Rxc1 Qd6 31. Qc3 f6 32. Qd3 Rc7 33. Bxg6 Re2 34. Bd4 Qxd5
35. Rg1 Rd7 36. Bf7+ Kxf7 37. Kh1 Qxd4 {White resigns} 0-1

[Event "Team 45 45 League T84"]
[Site "Internet Chess Club"]
[Date "2020.04.13"]
[Round "2"]
[White "andrew37"]
[Black "DaveTheRook"]
[Result "1/2-1/2"]
[WhiteElo "1618"]
[BlackElo "1549"]
[Opening "English: symmetrical, four knights system"]
[ECO "A30"]
[Time "17:01:12"]
[TimeControl "2700+45"]

1. Nf3 Nf6 2. c4 c5 3. Nc3 Nc6 4. g3 g6 5. d4 cxd4 6. Nxd4 Bg7 7. Bg2 O-O 8. O-O
a6 9. c5 Rb8 10. Bf4 e5 11. Nxc6 bxc6 12. Bxe5 Rxb2 13. Na4 Rb5 14. Bd6 Re8 15.
Nc3 Rb4 16. Qd3 Nd5 17. Bxd5 cxd5 18. Nxd5 Rd4 19. Qf3 Rxd5 20. Qxd5 Bxa1 21.
Rxa1 Qf6 22. Re1 a5 23. f3 Qc3 24. Qd1 Ba6 25. e4 Bb5 26. Qb1 Bc6 27. Qd1 Ba4
28. Qe2 Bb5 29. Qe3 Qb2 30. Qb3 Qd4+ 31. Qe3 Qb2 32. Qf2 Qc3 33. Re3 Qc1+ 34.
Qe1 Qxe1+ 35. Rxe1 a4 36. a3 Bc6 37. Kf2 Ra8 38. Rb1 Re8 39. Rb6 Kg7 40. Rb4 Kg8
41. Ke3 Kg7 42. f4 Kg8 43. g4 Kg7 44. g5 Kg8 45. h4 Rc8 46. Kd4 Re8 47. Rb8 Rxb8
48. Bxb8 Kf8 49. Bd6+ Kg8 50. f5 Kg7 51. Ke5 Bb5 52. f6+ Kg8 53. Be7 Bc6 54. Kd6
{Game drawn by mutual agreement} 1/2-1/2

[Event "Team 45 45 League T84"]
[Site "Internet Chess Club"]
[Date "2020.04.10"]
[Round "2"]
[White "achessman"]
[Black "Monterrey"]
[Result "1/2-1/2"]
[WhiteElo "1809"]
[BlackElo "1898"]
[Opening "French: Tarrasch, open variation"]
[ECO "C07"]
[Time "20:42:50"]
[TimeControl "2700+45"]

1. e4 e6 2. d4 d5 3. Nd2 c5 4. exd5 Qxd5 5. Ngf3 cxd4 6. Bc4 Qd6 7. O-O Nf6 8.
Nb3 Nc6 9. Nbxd4 Nxd4 10. Nxd4 a6 11. c3 Qc7 12. Bd3 Bd6 13. h3 O-O 14. Re1 Rd8
15. Bg5 Be5 16. Qf3 h6 17. Bh4 Bd7 18. Bg3 Bxg3 19. Qxg3 Qxg3 20. fxg3 Rac8 21.
Rad1 Be8 22. Bc2 b5 23. Nb3 Nd5 24. Be4 Bc6 25. Rd3 Ba8 26. Red1 Rd7 27. Na5
Rdc7 28. Bf3 Kf8 29. Kf2 Ke7 30. Rd4 Nb6 31. R1d2 Bd5 32. a3 Rb8 33. Ke2 g6 34.
Ke1 h5 35. Kf2 Rd8 36. Ke3 Rdd7 37. Rd1 Nc4+ 38. Nxc4 Bxc4 39. g4 hxg4 40. Bxg4
Rxd4 41. Rxd4 e5 42. Rd2 f5 43. Bd1 Ke6 44. h4 Bd5 45. g3 Rc4 46. Kf2 e4 47. Ke3
Rc7 48. Kf4 a5 49. Be2 Bc4 50. Bd1 a4 51. Rd8 Ke7 52. Rd2 Kf6 53. Rd6+ Be6 54.
Be2 Rd7 55. Rxd7 Bxd7 56. c4 bxc4 57. Bxc4 Be8 58. b4 axb3 59. Bxb3 Ke7 60. g4
Bd7 61. gxf5 Bxf5 62. Bd5 Kf6 63. Bxe4 Bd7 64. Bc2 Bb5 65. a4 Bxa4 66. Bxa4 Kg7
67. Kg5 Kh7 68. Bb3 Kg7 69. Bd5 Kh7 70. Kf6 Kh6 71. Bf3 Kh7 72. Bg4 Kh6 73. Bd1
Kh7 74. Kg5 Kg7 75. Be2 Kh7 76. Bb5 Kg7 77. Ba4 Kh7 78. Bd7 Kg7 79. Be8 Kh7 80.
Ba4 Kg7 81. Kf4 Kh6 82. Bd1 Kh7 83. Ke5 Kg7 84. Be2 Kh7 85. Ke6 Kh6 86. Kf7 g5
87. h5 g4 88. Bxg4 Kh7 89. Be2 {Game drawn by mutual agreement} 1/2-1/2

[Event "Team 45 45 League T84"]
[Site "Internet Chess Club"]
[Date "2020.04.10"]
[Round "2"]
[White "martineden"]
[Black "LookImYourVader"]
[Result "1-0"]
[WhiteElo "1902"]
[BlackElo "1801"]
[Opening "QGD: Cambridge Springs defense"]
[ECO "D52"]
[Time "09:59:47"]
[TimeControl "2700+45"]

1. d4 d5 2. Nf3 Nf6 3. c4 c6 4. Nc3 e6 5. Bg5 Nbd7 6. e3 Qa5 7. Qc2 Bb4 8. Bxf6
Nxf6 9. Bd3 dxc4 10. Bxc4 Ne4 11. Rc1 O-O 12. Qxe4 {Black resigns} 1-0

[Event "Team 45 45 League T84"]
[Site "Internet Chess Club"]
[Date "2020.04.11"]
[Round "2"]
[White "QuieroAprender"]
[Black "laurenpar"]
[Result "0-1"]
[WhiteElo "1684"]
[BlackElo "1861"]
[Opening "Dutch with c4 & Nc3"]
[ECO "A85"]
[Time "21:04:38"]
[TimeControl "2700+45"]

1. c4 f5 2. d4 Nf6 3. Nc3 e6 4. a3 d6 5. Nf3 g6 6. Bg5 h6 7. Bc1 Nc6 8. b4 Qe7
9. e3 Bd7 10. Bd3 e5 11. d5 Nd8 12. Be2 Nf7 13. Bb2 g5 14. h3 h5 15. Nb5 Qd8 16.
c5 a6 17. cxd6 cxd6 18. Nc3 Be7 19. Rc1 Kf8 20. h4 g4 21. Ng5 Nxg5 22. hxg5 Ne4
23. Nxe4 fxe4 24. f4 exf3 25. gxf3 Bxg5 26. fxg4 h4 27. Rh3 Kg7 28. Bd3 Rc8 29.
Bf5 Rxc1 30. Bxc1 Qc8 31. Bxd7 Qxd7 32. e4 Kg6 33. Bxg5 Kxg5 34. Qd2+ Kg6 35.
Qe2 Qe7 36. Qf2 Qg5 37. Qf5+ Qxf5 38. gxf5+ Kg5 39. Rf3 h3 40. Rf1 h2 41. Rh1
Kf4 42. Ke2 Kxe4 43. f6 Kxd5 44. f7 Ke6 45. f8=Q Rxf8 46. Rxh2 b5 {White
resigns} 0-1

[Event "Team 45 45 League T84"]
[Site "Internet Chess Club"]
[Date "2020.04.11"]
[Round "2"]
[White "fishhead"]
[Black "trombone"]
[Result "1-0"]
[WhiteElo "1819"]
[BlackElo "1774"]
[Opening "Robatsch defense: three pawns attack"]
[ECO "B06"]
[Time "14:01:12"]
[TimeControl "2700+45"]

1. e4 g6 2. d4 Bg7 3. f4 c5 4. c3 cxd4 5. cxd4 d5 6. e5 Nh6 7. Nf3 O-O 8. Bd3
Bg4 9. Nbd2 Nc6 10. Nb3 Nf5 11. Bb5 Bxf3 12. gxf3 Ncxd4 13. Nxd4 Nxd4 14. Qxd4
Qa5+ 15. Bd2 Qxb5 16. f5 Rac8 17. b3 Rc2 18. h4 Rfc8 19. h5 Qc5 20. Qf4 d4 21.
f6 exf6 22. exf6 Re8+ 23. Kd1 Bxf6 24. hxg6 hxg6 25. Rc1 Rxc1+ 26. Bxc1 d3 27.
Qd2 Bg5 28. Bb2 Re1+ 29. Rxe1 Bxd2 30. Re8+ Qf8 31. Rxf8+ Kxf8 32. Kxd2 Ke7 33.
Kxd3 Kd6 34. Kd4 a6 35. Ba3+ Kd7 36. Ke5 Ke8 37. Kf6 b6 38. f4 a5 39. Be7 b5 40.
a3 {Black resigns} 1-0

[Event "Team 45 45 League T84"]
[Site "Internet Chess Club"]
[Date "2020.04.11"]
[Round "2"]
[White "LittleButton"]
[Black "janh"]
[Result "1/2-1/2"]
[WhiteElo "1874"]
[BlackElo "1896"]
[Opening "Queen's pawn: Chigorin variation"]
[ECO "D00"]
[Time "11:02:51"]
[TimeControl "2700+45"]

1. d4 d5 2. Nc3 Nf6 3. Bf4 c6 4. e3 Bf5 5. f3 e6 6. g4 Bg6 7. h4 h5 8. g5 Ng8 9.
Bd3 Bxd3 10. Qxd3 Bd6 11. Nge2 g6 12. O-O-O Ne7 13. e4 Bxf4+ 14. Nxf4 Qc7 15.
Nce2 Nd7 16. Rhe1 O-O-O 17. Qa3 Nb8 18. Qxa7 Na6 19. Nd3 Qh2 20. Nc3 Kc7 21. Nc5
Nxc5 22. Qxc5 Nc8 23. Rh1 Qf4+ 24. Kb1 b6 25. Qa3 Kb7 26. Na4 dxe4 27. fxe4 Qxe4
28. Qb3 Kc7 29. Nc3 Qg4 {Game drawn by mutual agreement} 1/2-1/2

[Event "Team 45 45 League T84"]
[Site "Internet Chess Club"]
[Date "2020.04.10"]
[Round "2"]
[White "primerpaso"]
[Black "jjimalo"]
[Result "1-0"]
[WhiteElo "1813"]
[BlackElo "1782"]
[Opening "English: Sicilian reversed"]
[ECO "A25"]
[Time "11:14:06"]
[TimeControl "2700+45"]

1. c4 e5 2. Nc3 Nc6 3. g3 Nf6 4. Bg2 Bc5 5. e3 d6 6. Nge2 a6 7. O-O O-O 8. h3 h6
9. b3 Re8 10. Bb2 Bd7 11. Kh2 e4 12. d3 exd3 13. Nf4 Qc8 14. Nxd3 Ba7 15. Rc1
Bf5 16. Nd5 Nxd5 17. cxd5 Ne7 18. e4 Bh7 19. f4 Qd7 20. f5 c6 21. f6 Ng6 22. Qh5
cxd5 23. exd5 Re3 24. Nf2 Ne5 25. fxg7 Re8 26. Qxh6 Re2 27. Ne4 Ng4+ 28. hxg4
R8xe4 29. Bf6 Rxg2+ 30. Kxg2 Qxg4 31. Qxh7+ Kxh7 32. Rh1+ Kg6 33. g8=Q+ Kxf6 34.
Qh8+ Kg6 35. Rh6+ {Black resigns} 1-0

[Event "Team 45 45 League T84"]
[Site "Internet Chess Club"]
[Date "2020.04.12"]
[Round "2"]
[White "room-matt"]
[Black "ANGELLR"]
[Result "1-0"]
[WhiteElo "1812"]
[BlackElo "1840"]
[Opening "French: Rubinstein variation"]
[ECO "C10"]
[Time "15:03:02"]
[TimeControl "2700+45"]

1. e4 e6 2. d4 d5 3. Nc3 dxe4 4. Nxe4 Bd7 5. c3 Bc6 6. Bd3 Nd7 7. Nf3 Be7 8. O-O
Ngf6 9. Re1 Nxe4 10. Bxe4 Bxe4 11. Rxe4 Nf6 12. Re5 O-O 13. Qc2 Bd6 14. Re2 Rc8
15. Bg5 h6 16. Bh4 c6 17. Ne5 Re8 18. Rd1 Be7 19. Nf3 Qa5 20. b4 Qc7 21. Ne5 Nh5
22. Bxe7 Qxe7 23. Qe4 Qg5 24. Qf3 Nf6 25. Rde1 Rcd8 26. Re3 Rd5 27. g3 Qh5 28.
Qxh5 Nxh5 29. f4 a5 30. a3 axb4 31. axb4 Ra8 32. Kf2 Nf6 33. h3 Ne8 34. g4 Nd6
35. Kf3 Ra2 36. h4 Nb5 37. Kg3 Nc7 38. f5 Ra3 39. Rf3 exf5 40. gxf5 Nb5 41. c4
Rxf3+ 42. Nxf3 Rxf5 43. cxb5 Rxb5 44. Rb1 f6 45. Kf4 Kf7 46. Ke3 g5 47. hxg5
hxg5 48. Kd3 g4 49. Nd2 Kg6 50. Rg1 f5 51. Kc3 Kg5 52. Nf3+ Kf4 53. Ne5 g3 54.
Rf1+ Kg5 55. Nf7+ Kh4 56. Nd6 Rd5 57. Nxf5+ Kh3 58. Ne3 Kh2 59. Nxd5 cxd5 60.
Rf5 g2 61. Rxd5 Kh3 62. Rg5 Kh2 63. d5 g1=Q 64. Rxg1 Kxg1 65. d6 {Black resigns}
1-0

[Event "Team 45 45 League T84"]
[Site "Internet Chess Club"]
[Date "2020.04.13"]
[Round "2"]
[White "ElValero"]
[Black "Bumun"]
[Result "0-1"]
[WhiteElo "1755"]
[BlackElo "1642"]
[Opening "English opening"]
[ECO "D11"]
[Time "12:00:50"]
[TimeControl "2700+45"]

1. Nf3 Nf6 2. c4 c6 3. d4 d5 4. Qc2 e6 5. Bg5 Be7 6. e3 Nbd7 7. Nc3 O-O 8. Bd3
dxc4 9. Bxc4 b5 10. Bd3 Bb7 11. O-O a6 12. e4 c5 13. e5 Nd5 14. Bxe7 Qxe7 15.
Bxh7+ Kh8 16. Be4 cxd4 17. Nxd5 exd5 18. Bd3 Nxe5 19. Nxd4 Rfe8 20. Rae1 Qb4 21.
Ne2 Rac8 22. Qb1 Nxd3 23. Qxd3 Qxb2 24. Nc1 {White resigns} 0-1

[Event "Team 45 45 League T84"]
[Site "Internet Chess Club"]
[Date "2020.04.09"]
[Round "2"]
[White "Ajolote"]
[Black "PolishRyszard"]
[Result "1-0"]
[WhiteElo "1959"]
[BlackElo "1820"]
[Opening "Sicilian: closed, 6.Be3"]
[ECO "B26"]
[Time "14:01:52"]
[TimeControl "2700+45"]

1. e4 c5 2. Nc3 Nc6 3. g3 g6 4. Bg2 Bg7 5. d3 d6 6. Be3 Rb8 7. Nge2 b5 8. Qd2 b4
9. Nd1 Nd4 10. O-O Nxe2+ 11. Qxe2 Nf6 12. e5 dxe5 13. Bxc5 Qc7 14. Be3 Be6 15.
a3 a5 16. axb4 axb4 17. Ra7 Qd6 18. c4 bxc3 19. Nxc3 O-O 20. Rfa1 Rfd8 21. d4
exd4 22. Bf4 Qb4 23. Bxb8 dxc3 24. bxc3 Qxc3 25. Be5 Qb4 26. Ra8 Rxa8 27. Rxa8+
Bf8 28. Rb8 Qa4 29. Ra8 Qb3 30. Qb2 Qd1+ 31. Bf1 Bd5 32. Ra3 Qg4 33. Re3 Nd7 34.
h3 Qf5 35. g4 Qe6 36. Bf4 Qc6 37. Qb5 Nf6 38. Qxc6 Bxc6 39. Rb3 Bd5 40. Rb8 Nd7
41. Rd8 Be6 42. Bb5 {Black forfeits on time} 1-0

[Event "Team 45 45 League T84"]
[Site "Internet Chess Club"]
[Date "2020.04.11"]
[Round "2"]
[White "walkover"]
[Black "MarcB"]
[Result "0-1"]
[WhiteElo "1759"]
[BlackElo "1848"]
[Opening "QGD Slav: 4.Nc3"]
[ECO "D15"]
[Time "14:01:14"]
[TimeControl "2700+45"]

1. d4 d5 2. c4 Nf6 3. Nc3 c6 4. Nf3 Nbd7 5. g3 e6 6. Bg2 Be7 7. O-O O-O 8. b3 b6
9. Bb2 Ba6 10. Nd2 b5 11. c5 b4 12. Na4 Bb5 13. Re1 Qc7 14. Qc2 Rfc8 15. e4 dxe4
16. Nxe4 Nxe4 17. Bxe4 Nf6 18. Bg2 Bxa4 19. bxa4 a5 20. Bc1 Qd7 21. Bb2 Nd5 22.
h4 Rab8 23. Re2 Bf6 24. Rd1 g6 25. h5 gxh5 26. Re4 Kh8 27. Rd3 Rg8 28. Qe2 h4
29. gxh4 Rg7 30. Rg4 Rbg8 31. Rdg3 Rxg4 32. Rxg4 Nc3 33. Rxg8+ Kxg8 34. Qg4+ Kf8
35. Bc1 Qxd4 36. Bh6+ Ke7 37. Qg8 Ne2+ 38. Kh1 Qxh4+ {White resigns} 0-1

[Event "Team 45 45 League T84"]
[Site "Internet Chess Club"]
[Date "2020.04.09"]
[Round "2"]
[White "Grebochess"]
[Black "cadmiumorange"]
[Result "0-1"]
[WhiteElo "1673"]
[BlackElo "1807"]
[Opening "Robatsch (modern) defense"]
[ECO "A40"]
[Time "14:05:30"]
[TimeControl "2700+45"]

1. d4 g6 2. e4 Bg7 3. Bc4 d6 4. f4 c5 5. c3 cxd4 6. cxd4 Nc6 7. Nf3 Nf6 8. e5
dxe5 9. fxe5 Nd5 10. O-O O-O 11. Nc3 Be6 12. Ng5 Nxc3 13. Nxe6 Nxd1 14. Nxd8
Raxd8 15. Rxd1 Nxe5 16. Bb3 Nc6 17. d5 Nd4 18. Bc4 b5 19. Be3 bxc4 20. Bxd4 Rxd5
21. Bxg7 Rxd1+ 22. Rxd1 Kxg7 23. Rc1 Rb8 24. Rc2 e5 25. Kf2 f5 26. Ke3 Kf6 27.
g3 e4 28. Kd4 Rd8+ 29. Kxc4 Rc8+ 30. Kb3 Rxc2 31. Kxc2 Ke5 32. b4 Kd4 33. b5 Kc4
34. a4 Kb4 {White resigns} 0-1

[Event "Team 45 45 League T84"]
[Site "Internet Chess Club"]
[Date "2020.04.16"]
[Round "2"]
[White "pishd"]
[Black "cayo89"]
[Result "1-0"]
[WhiteElo "1839"]
[BlackElo "1584"]
[Opening "Queen's Pawn"]
[ECO "A41"]
[Time "05:34:59"]
[TimeControl "2700+45"]

1. d4 d6 2. Nf3 Nf6 3. Nbd2 g6 4. e4 Bg7 5. Bd3 Nbd7 6. O-O e5 7. c3 O-O 8. dxe5
Nxe5 9. Nxe5 dxe5 10. Nc4 Qe7 11. Bg5 Qe6 12. Qe2 b6 13. Rfd1 Bb7 14. a4 Rfe8
15. f3 Nd7 16. Ne3 Nc5 17. Bc4 Qc8 18. Nd5 Bxd5 19. Bxd5 c6 20. Bc4 Ne6 21. Bh4
Nf4 22. Qd2 b5 23. axb5 cxb5 24. Bb3 a5 25. Qd7 Qxd7 26. Rxd7 Ne6 27. Bd5 Ra6
28. Rb7 {Black resigns} 1-0